 Dungeon Crawl Stone Soup version 0.31.0-11-ge490571c62 (webtiles) character file.

Game seed: 12516106533582433290

1099 browni3141 the Chopper (level 8, -7/70 HPs)
             Began as a Minotaur Fighter on Jan 29, 2024.
             Was a Follower of Okawaru.
             Mangled by a yak (13 damage)
             ... on level 5 of the Dungeon.
             The game lasted 00:01:51 (4389 turns).

browni3141 the Chopper (Minotaur Fighter)           Turns: 4389, Time: 00:01:51

Health: -7/70      AC:  8    Str: 22    XL:     8   Next: 10%
Magic:  16/17      EV:  8    Int:  5    God:    Okawaru [*.....]
Gold:   199        SH:  9    Dex: 11    Spells: 7/7 levels left

rFire   + . .        s - +1 war axe (elec)
rCold   . . .        n - +0 kite shield
rNeg    . . .        b - +0 scale mail
rPois   .            (helmet restricted)
rElec   .            m - +0 cloak
rCorr   .            (no gloves)
SInv    .            (no boots)
Will    .....        r - amulet of faith Stlth
                     o - ring of protection from fire
HPRegen 0.31/turn    v - ring of magical power
MPRegen 0.15/turn

%: faith
@: mighty
A: horns 2, retaliatory headbutt
a: Renounce Religion, Heroism


You were on level 5 of the Dungeon.
You worshipped Okawaru.
Okawaru was aware of your devotion.
You visited 2 branches of the dungeon, and saw 6 of its levels.

You collected 199 gold pieces.

Inventory:

Hand Weapons
 a - a +0 war axe
 s - a +1 war axe of electrocution (weapon)
Missiles
 u - 3 boomerangs (quivered)
 w - 2 throwing nets
Armour
 b - a +0 scale mail (worn)
 c - a +0 buckler
 m - a +0 cloak (worn)
 n - a +0 kite shield (worn)
Jewellery
 o - a ring of protection from fire (left hand)
 r - an amulet of faith (around neck)
 v - a ring of magical power (right hand)
Wands
 j - a wand of paralysis (12)
Scrolls
 f - a scroll of vulnerability {unknown}
 g - 2 scrolls of teleportation {unknown}
 i - 2 scrolls of enchant armour {unknown}
 k - a scroll of poison {unknown}
 p - 2 scrolls of immolation {unknown}
 t - 2 scrolls of identify {unknown}
Potions
 d - 2 potions of might
 e - 4 potions of heal wounds {unknown}
 h - 2 potions of ambrosia {unknown}
 l - a potion of enlightenment {unknown}
 q - a potion of berserk rage {unknown}


   Skills:
 + Level 6.0 Fighting
 * Level 7.3 Axes
 + Level 1.7 Throwing
 + Level 6.0 Armour
 + Level 6.0 Shields
 + Level 1.6 Invocations


You had 7 spell levels left.
You didn't know any spells.
Your spell library contained the following spells:

 Spells                   Type           Power      Damage    Failure   Level
 Blink                    Tloc           0%         N/A       99%         2
 Lesser Beckoning         Tloc           0%         N/A       99%         2
 Momentum Strike          Conj/Tloc      0%         3d8       99%         2
 Sigil of Binding         Hex            0%         N/A       100%        3
 Volatile Blastmotes      Fire/Tloc      0%         2d10      100%        3
 Dimensional Bullseye     Hex/Tloc       0%         N/A       100%        4
 Fulminant Prism          Conj/Alch      0%         3d5       100%        4
 Iskenderun's Mystic Bla  Conj/Tloc      0%         2d3       100%        4
 Call Canine Familiar     Summ           Unusable   N/A       N/A         3

Dungeon Overview and Level Annotations

Branches:
Dungeon (5/15)             Temple (1/1) D:4

Altars:
Ashenzari
Cheibriados
Dithmenos
Elyvilon
Fedhas
Gozag
Hepliaklqana
Kikubaaqudgha
Makhleb
Nemelex Xobeh
Okawaru
Qazlal
Ru
Sif Muna
Uskayaw
Wu Jian
Yredelemnul
Zin

Shops:
D:4 (


Innate Abilities, Weirdness & Mutations

You have a pair of horns on your head.
You reflexively headbutt those who attack you in melee.


Message History

You are too confused!
An orc wizard is nearby!
You are too confused!
An orc wizard is nearby!
You are too confused!
You bump into the rock wall.
A yak comes into view.
You are too confused!
You bump into the rock wall.
You are too confused!
You bump into the rock wall.
You are too confused!
You bump into the rock wall.
A yak comes into view.
A yak comes into view.
The yak bellows! x2
An orc comes into view. It is wielding a +0 whip.
An orc wizard comes into view.
It is wielding a +0 dagger and wearing a +2 robe of cold resistance.
The orc wizard barely misses you.
The yak moves out of view.
You're too confused to move!
You feel less confused.
The orc wizard shouts!
The orc wizard completely misses you. You furiously retaliate!
You headbutt the orc wizard.
A yak comes into view. x2
Okay, then.
The yak bellows!
You slash the orc wizard!
You kill the orc wizard!
Okawaru accepts your kill.
You barely miss the yak. The yak gores you!
You barely miss the yak. The yak misses you.
You hit the yak.
The yak is lightly wounded.
The yak gores you.
An orc priest comes into view. It is wielding a +0 short sword.
The yak gores you. The yak gores you but does no damage.
You barely miss the yak.
The yak is lightly wounded.
The orc priest shouts!
You hit the yak but do no damage. The yak gores you!
You block the yak's attack.
You slash the yak!
The yak is moderately wounded.
The yak gores you!
You slash the yak! Lightning courses through the yak!
You kill the yak!
Okawaru accepts your kill. The yak completely misses you.
You slash the yak! Lightning courses through the yak!! You headbutt the yak.
You kill the yak!
Okawaru accepts your kill.
You can now gain great but temporary skills.
The orc wizard mumbles some strange words.
The orc wizard flickers and vanishes!
Deactivating autopickup; reactivate with Ctrl-A.
Your Axes skill increases to level 7!
Your Throwing skill increases to level 1!
Your Invocations skill increases to level 1!
You hit the yak.
The yak is lightly wounded.
The yak barely misses you. You furiously retaliate!
You headbutt the yak. You slash the yak!
The yak is heavily wounded.
You block the yak's attack. The yak gores you.
You feel very mighty all of a sudden. The yak gores you but does no damage.
You slice the yak!!
The yak is almost dead.
The yak gores you!
You hit the yak. Lightning courses through the yak!
You kill the yak!
Okawaru is honoured by your kill.
Your Fighting skill increases to level 6!
Your Armour skill increases to level 6!
Your Shields skill increases to level 6!
You have reached level 8!
You feel agile.
You slice the orc!!
You kill the orc!
Okawaru accepts your kill.
You slice the orc priest!!
You kill the orc priest!
Okawaru accepts your kill.
You hear some strange, mumbled words.
You are confused.
You are too confused!
You are too confused!
You are too confused!
You miss something. Something hits you but does no damage.
Unknown command.
You closely miss something. Your headbutt misses something.
Something hits you but does no damage.
You bump into the rock wall.
The yak gores you!
You miss the yak. Your headbutt misses the yak. The yak gores you!
You bump into the rock wall.
You feel less confused. The yak gores you!
You die...

..........#
#........# .
#........
..#.......## #
...........##...
#.$.......YoY.
#....Y{).# #
#####Y#### #@#
#.########### .##
##............ ...
#.....#######.#....
#...........#.#....
#.....#####.#.#....
#.....# #.#.#....
#.....# #.#.#....
#.)...# #.#..<...


You could see 2 yaks.

Vanquished Creatures
  3 yaks (D:5)
  2 bombardier beetles
  Crazy Yiuf (D:2)
  5 orc priests
  An iguana (D:5)
  Natasha (thrice) (D:2)
  6 orc wizards
  4 adders
  4 gnolls (D:2)
  3 dart slugs (D:1)
  21 orcs
  5 endoplasms
  2 giant cockroaches
  A hobgoblin (D:1)
  3 jackals (D:3)
  3 quokkas
  10 ball pythons
  5 bats
  5 frilled lizards
  4 goblins
  4 kobolds
  3 rats (D:1)
98 creatures vanquished.

Notes
Turn   | Place    | Note
-------+----------+-------------------------------------------
     0 | D:1      | browni3141 the Minotaur Fighter began the quest for the
                  | Orb.
     0 | D:1      | Reached XP level 1. HP: 19/19 MP: 0/0
   131 | D:1      | Reached XP level 2. HP: 27/27 MP: 1/1
   451 | D:1      | Reached skill level 3 in Axes
   981 | D:2      | Reached XP level 3. HP: 33/33 MP: 2/2
   999 | D:2      | Found a hazy altar of Hepliaklqana.
  1235 | D:2      | Found a faded altar of an unknown god.
  1327 | D:2      | Noticed Natasha
  1333 | D:2      | Killed Natasha
  1357 | D:2      | Reached XP level 4. HP: 33/40 MP: 3/3
  1363 | D:2      | Reached skill level 4 in Axes
  1428 | D:2      | Noticed Natasha
  1436 | D:2      | Killed Natasha
  1529 | D:2      | Found a runed translucent door.
  1530 | D:2      | Noticed Crazy Yiuf
  1769 | D:2      | Noticed Natasha
  1775 | D:2      | Killed Natasha
  1776 | D:2      | Reached XP level 5. HP: 34/47 MP: 4/4
  1972 | D:2      | Killed Crazy Yiuf
  2342 | D:3      | Reached skill level 5 in Axes
  2409 | D:3      | Reached XP level 6. HP: 27/55 MP: 5/5
  2634 | D:3      | Found a hide-covered altar of Uskayaw.
  3207 | D:4      | Reached skill level 5 in Shields
  3292 | D:4      | Reached skill level 5 in Fighting
  3292 | D:4      | Reached skill level 5 in Armour
  3377 | D:4      | Found a staircase to the Ecumenical Temple.
  3396 | Temple   | Entered the Ecumenical Temple
  3443 | D:4      | Found Zidoge's Antique Weapon Shop.
  3822 | D:4      | Reached skill level 6 in Axes
  3929 | D:4      | Found an iron altar of Okawaru.
  3930 | D:4      | Found a burning altar of Makhleb.
  3996 | D:4      | Found a shadowy altar of Dithmenos.
  3997 | D:4      | Found a stormy altar of Qazlal.
  4000 | D:4      | Became a worshipper of Warmaster Okawaru
  4064 | D:4      | Reached XP level 7. HP: 61/61 MP: 6/6
  4208 | D:5      | Entered Level 5 of the Dungeon
  4361 | D:5      | Noticed a yak
  4364 | D:5      | Noticed a yak
  4365 | D:5      | Noticed a yak
  4366 | D:5      | Noticed a yak
  4366 | D:5      | Noticed a yak
  4374 | D:5      | Killed a yak
  4375 | D:5      | Killed a yak
  4375 | D:5      | Reached * piety under Okawaru
  4376 | D:5      | Reached skill level 7 in Axes
  4376 | D:5      | Reached skill level 1 in Throwing
  4376 | D:5      | Reached skill level 1 in Invocations
  4380 | D:5      | Killed a yak
  4381 | D:5      | Reached XP level 8. HP: 20/70 MP: 8/8
  4389 | D:5      | Mangled by a yak

Illustrated notes

Levels and vault maps discovered:
D:1:      dpeg_arrival_rooms_a, layout_basic, serial_curves, eino_curves_01,
          eino_curves_03
D:2:      layout_loops_ring, dreamdust_ecumenical_altar_angels_and_demons,
          basic_altar, grunt_ministairs_5, uniq_natasha, uniq_crazy_yiuf_cottage
D:3:      layout_basic, nicolae_uskayaw_murder_on_the_dancefloor
D:4:      layout_loops_ring, mainiacjoe_overflow_alcove_3, temple_green,
          serial_shops, nicolae_shop_getting_attention
D:5:      layout_basic, lemuel_round_altar, nicolae_zig_zag_zippers
Temple:   nicolae_temple_bog_church

Skill      XL: |  1  2  3  4  5  6  7 |
---------------+----------------------+-----
Axes           | 3 4 5 6 7 |  7.3
Fighting       | 4 5 6 |  6.0
Armour         | 4 5 6 |  6.0
Shields        | 4 5 6 |  6.0
Throwing       | 1 |  1.7
Invocations    | 1 |  1.6

Action                     |  1- 3 |  4- 6 |  7- 9 || total
---------------------------+-------+-------+-------++-------
  Melee: War axe           |    54 |   140 |    30 ||   224
         Headbutt          |     7 |    18 |     1 ||    26
    Use: Potion            |       |       |     1 ||     1
 Armour: Scale mail        |    35 |   107 |    22 ||   164
  Dodge: Dodged            |    18 |    41 |     7 ||    66
  Block: Buckler           |    18 |     8 |       ||    26
         Kite shield       |       |    48 |     5 ||    53
